 Dungeon Crawl Stone Soup version 0.29.0-4-gdea44cf6ec (webtiles) character file.

Game seed: 1535971925160717425

7 Plasmagod the Shield-Bearer (level 2, 0/24 HPs)
             Began as a Formicid Fighter on Aug 27, 2022.
             Constricted to death by a ball python (1 damage)
             ... on level 1 of the Dungeon.
             The game lasted 00:00:16 (38 turns).

Plasmagod the Shield-Bearer (Formicid Fighter)        Turns: 38, Time: 00:00:17

Health: 0/24       AC:  6    Str: 20    XL:     2   Next: 5%
Magic:  2/2        EV:  6    Int:  7    God:
Gold:   17         SH:  5    Dex: 13    Spells: 1/1 levels left

rFire   . . .      SeeInvis +   a - +0 war axe
rCold   . . .      Faith    .   c - +0 buckler
rNeg    . . .      Spirit   .   b - +0 scale mail
rPois   .          Reflect  .   (helmet unavailable)
rElec   .          Harm     .   (no cloak)
rCorr   .          Rampage  .   (no gloves)
Will    .....                   (no boots)
Stlth   ..........              (no amulet)
HPRegen 0.08/turn               (no ring)
MPRegen 0.08/turn               (no ring)

@: constricted
A: permanent stasis, dig shafts and tunnels, antennae 3, four strong arms
a: Dig, Shaft Self


You were on level 1 of the Dungeon.
You visited 1 branch of the dungeon, and saw 1 of its levels.

You collected 17 gold pieces.

Inventory:

Hand Weapons
 a - a +0 war axe (weapon)
Armour
 b - a +0 scale mail (worn)
 c - a +0 buckler (worn)
Potions
 d - a potion of might


   Skills:
 - Level 3.2 Fighting
 + Level 2.6 Axes
 - Level 3.2 Armour
 - Level 4.0 Shields


You had one spell level left.
You didn't know any spells.
Your spell library was empty.

Dungeon Overview and Level Annotations

Branches:
Dungeon (1/15)

Altars:


Innate Abilities, Weirdness & Mutations

You cannot be hasted, slowed, berserked, paralysed or teleported.
You can dig through walls and to a lower floor.
You have a pair of large antennae on your head. (SInv)
Your four strong arms can wield two-handed weapons with a shield.


Message History

You kill the quokka!
You closely miss the jackal. x2; The jackal bites you.
The jackal bites you but does no damage. x3
You block the goblin's attack.
You hit the goblin but do no damage. You barely miss the jackal. x2
The jackal barely misses you. The jackal closely misses you.
You block the goblin's attack. You block the jackal's attack.
The jackal barely misses you.
You closely miss the goblin. You barely miss the jackal. You hit the jackal.
You block the jackal's attack. x2; The goblin completely misses you.
The jackal bites you but does no damage.
The jackal barely misses you. The goblin hits you with a +0 dagger.
You slash the goblin!
You kill the goblin!
You hit the jackal.
You kill the jackal!
You closely miss the jackal.
The jackal bites you but does no damage.
The ball python bites you but does no damage.
The ball python completely misses you. You block the jackal's attack.
You have reached level 2!
You closely miss the ball python. You barely miss the jackal.
You hit the endoplasm.
The jackal bites you but does no damage.
The ball python bites you.
* * * LOW HITPOINT WARNING * * *
You block the ball python's attack. The endoplasm freezes you.
You are frozen.
* * * LOW HITPOINT WARNING * * *
You block the jackal's attack.
The ball python bites you but does no damage.
The ball python grabs you. The ball python constricts you.
You barely miss the ball python. You hit the endoplasm.
You kill the endoplasm!
You hit the jackal but do no damage. You block the jackal's attack.
The ball python bites you.
* * * LOW HITPOINT WARNING * * *
The ball python constricts you.
You die...

#.........#
#~..(....≈#
#~.~...≈.§#
#~.~...≈.≈#
#~......§§#
#.......§§#
#.........#
#.........#
####'@'####
.....8†Sh8.....
#..............
?.............#
...........##.#
.#.........# #
#.........#
#........#.


You could see a jackal and a ball python.

Vanquished Creatures
  An endoplasm (D:1)
  A goblin (D:1)
  3 jackals (D:1)
  A quokka (D:1)
6 creatures vanquished.

Notes
Turn   | Place    | Note
-------+----------+-------------------------------------------
     0 | D:1      | Plasmagod the Formicid Fighter began the quest for the Orb.
     0 | D:1      | Reached XP level 1. HP: 18/18 MP: 1/1
    37 | D:1      | Reached XP level 2. HP: 9/24 MP: 2/2
    38 | D:1      | HP: 1/24 [ball python (1)]
    38 | D:1      | Constricted to death by a ball python

Illustrated notes

Levels and vault maps discovered:
D:1:      scummos_arrival_gate, layout_rooms

Action                   || total
-------------------------++-------
Melee: War axe           ||    10
Armor: Scale mail        ||    10
Dodge: Dodged            ||    12
Block: Buckler           ||    12
